 Dungeon Crawl Stone Soup version 0.19.0-22-gd96e5fe (webtiles) character file.

935 MovingMist the Skirmisher (level 7, 0/59 HPs)
             Began as a Demonspawn Gladiator on Nov 19, 2016.
             Slain by a gnoll
             ... wielding a +0 flail
              (2 damage)
             ... on level 5 of the Dungeon.
             The game lasted 00:12:36 (3832 turns).

MovingMist the Skirmisher (Demonspawn Gladiator)    Turns: 3832, Time: 00:12:37

Health: 0/59       AC: 12    Str: 17    XL:     7   Next: 87%
Magic:  16/16      EV: 10    Int:  9    God:
Gold:   98         SH:  0    Dex: 14    Spells: 0 memorised, 6 levels left

rFire  . . .     SeeInvis .     a - +0 long sword
rCold  . . .     Gourm    .     p - +2 chain mail {rPois}
rNeg   . . .     Faith    .     (no shield)
rPois  +         Spirit   .     i - +2 hat
rElec  .         Reflect  .     (no cloak)
rCorr  .         Harm     .     (no gloves)
MR     .....                    (no boots)
Stlth  ..........               (no amulet)
                                (no ring)
                                k - ring of magical power

@: no status effects
A: horns 2, sturdy frame 1
a: no special abilities


You were on level 5 of the Dungeon.
You were very hungry.

You visited 1 branch of the dungeon, and saw 5 of its levels.

You collected 98 gold pieces.

Inventory:

Hand Weapons
 a - a +0 long sword (weapon)
Missiles
 d - a throwing net (quivered)
Armour
 i - a +2 hat (worn)
 p - a +2 chain mail of poison resistance (worn)
 w - the cursed +1 chain mail "Middikiwk" {rCorr Dex+3}
   (You found it on level 4 of the Dungeon)

   It affects your dexterity (+3).
   It protects you from acid and corrosion.
   It has a curse placed upon it.
Jewellery
 k - a ring of magical power (left hand)
Wands
 r - a wand of iceblast (11/15)
Scrolls
 e - 7 scrolls of identify
 j - 2 scrolls of enchant armour {unknown}
 l - a scroll of immolation {unknown}
 q - a scroll of remove curse {unknown}
 t - a scroll of magic mapping {unknown}
 y - a scroll of fear {unknown}
 z - a scroll of teleportation {unknown}
Potions
 g - a potion of haste {unknown}
 h - a potion of heal wounds {unknown}
 m - a potion of flight {unknown}
 n - a potion of might {unknown}
 o - a potion of curing {unknown}
 u - a potion of cancellation {unknown}
 x - 2 potions of resistance {unknown}
Comestibles
 b - 2 meat rations
 c - a beef jerky
 f - a bread ration
 s - 4 chunks of flesh
 v - 2 fruits
 A - 3 mutagenic chunks of flesh


   Skills:
 * Level 6.7 Fighting
 + Level 4.8 Long Blades
 - Level 2.0 Throwing
 + Level 4.7 Dodging


You had 6 spell levels left.
You didn't know any spells.

Dungeon Overview and Level Annotations

Branches:
Dungeon (5/15)
 Temple: D:4-7

Altars:
Xom

Annotations:
D:3 Nuatha's ghost, amateur DsGl


Innate Abilities, Weirdness & Mutations

You have a pair of horns on your head.
Your movements are slightly less encumbered by armour. (ER -2)


Message History

The gnoll barely misses you.
You riposte.
You hit the gnoll.
The gnoll is almost dead.
You closely miss the gnoll. You headbutt the gnoll.
You kill the gnoll!
You hit the gnoll.
The gnoll is heavily wounded.
The gnoll hits you with a flail!
* * * LOW HITPOINT WARNING * * *
You hit the gnoll.
You headbutt the gnoll, but do no damage.
The gnoll is heavily wounded.
The gnoll closely misses you.
Your chain mail prevents you from hitting the gnoll.
The gnoll is heavily wounded.
The gnoll hits you with a flail.
* * * LOW HITPOINT WARNING * * *
You barely miss the gnoll.
The gnoll is heavily wounded.
The gnoll hits you with a flail.
You die...

.............g........##
.#####.............##..#
#####..>..g.............
.....!..####..###.......
...####...^..## #)......
........####.# #.....[#
.....%#l# #.# ##......#
#####.#g# #.# #........
# #@# #.# #<#####.. #.#
#.# ..# #.# ... #.! #.#
##..# .# #$# #.## ...
..# ... ### ... .....


You could see a gnoll and a leopard gecko.

Vanquished Creatures
  Sigmund (D:2)
  A sky beast (D:5)
  2 ogres
  2 phantoms
  A howler monkey (D:4)
  A hound (D:4)
  An orc wizard (D:4)
  3 worker ants (D:4)
  Terence (D:2)
  3 adders
  3 gnolls (D:5)
  An ooze (D:3)
  2 worms
  2 dart slugs
  2 leopard geckos
  5 orcs (D:4)
  7 giant cockroaches
  6 goblins
  10 hobgoblins
  3 jackals (D:2)
  4 kobolds
  4 quokkas
  A ball python (D:2)
  6 bats
  4 frilled lizards
  2 jackal skeletons
  9 rats
87 creatures vanquished.

Notes
Turn   | Place    | Note
-------+----------+-------------------------------------------
     0 | D:1      | MovingMist the Demonspawn Gladiator began the quest for the Orb.
     0 | D:1      | Reached XP level 1. HP: 16/16 MP: 1/1
   159 | D:1      | Gained mutation: You have a pair of small horns on your head. [demonic ancestry]
   159 | D:1      | Reached XP level 2. HP: 23/23 MP: 2/2
   750 | D:2      | Gained mutation: Your movements are slightly less encumbered by armour. (ER -2) [demonic ancestry]
   750 | D:2      | Reached XP level 3. HP: 28/28 MP: 3/3
   767 | D:2      | Reached skill level 3 in Fighting
   889 | D:2      | Noticed Terence
   902 | D:2      | Killed Terence
  1124 | D:2      | Reached XP level 4. HP: 27/35 MP: 4/4
  1478 | D:2      | Noticed Sigmund
  1493 | D:2      | Killed Sigmund
  1493 | D:2      | Reached skill level 4 in Fighting
  1493 | D:2      | Reached XP level 5. HP: 13/43 MP: 5/5
  1821 | D:3      | Noticed Nuatha's ghost (amateur DsGl)
  2169 | D:3      | Found a shimmering altar of Xom.
  2223 | D:3      | Found a shimmering altar of Xom.
  2242 | D:3      | Found a shimmering altar of Xom.
  2243 | D:3      | Found a shimmering altar of Xom.
  2816 | D:3      | Reached XP level 6. HP: 42/49 MP: 6/6
  3080 | D:4      | Reached skill level 5 in Fighting
  3192 | D:4      | Got a warped chain mail
  3200 | D:4      | Identified the cursed +1 chain mail "Middikiwk" {rCorr Dex+3} (You found it on level 4 of the Dungeon)
  3336 | D:4      | Gained mutation: You have a pair of horns on your head. [demonic ancestry]
  3336 | D:4      | Reached XP level 7. HP: 55/57 MP: 7/7
  3696 | D:5      | Entered Level 5 of the Dungeon
  3718 | D:5      | Reached skill level 6 in Fighting
  3831 | D:5      | HP: 2/59 [gnoll/flail (2)]
  3832 | D:5      | Slain by a gnoll

Skill      XL: |  1  2  3  4  5  6  7 |
---------------+----------------------+-----
Throwing       | 2 |  2.0
Fighting       | 3 4 5 6 |  6.7
Long Blades    | 3 4 |  4.8
Dodging        | 3 4 |  4.7

Action                   |  1- 3 |  4- 6 |  7- 9 || total
-------------------------+-------+-------+-------++-------
Melee: Long sword        |    76 |   145 |    78 ||   299
       Headbutt          |    17 |    26 |    19 ||    62
Throw: Throwing net      |       |     4 |     1 ||     5
  Use: Scroll            |       |     1 |       ||     1
 Stab: Held in net/web   |       |     2 |     1 ||     3
  Eat: Chunk             |     1 |     3 |       ||     4
       Bread ration      |       |     1 |       ||     1
Armor: Leather armour    |    14 |       |       ||    14
       Chain mail        |    10 |    90 |    38 ||   138
Dodge: Dodged            |    58 |    67 |    31 ||   156
       Rpst.: Long sword |    27 |    19 |     9 ||    55
